 Dungeon Crawl Stone Soup version 0.23-a0-307-gc3b755d (webtiles) character file.

166 namelastname112 the Conjurer (level 5, -10/41 HPs)
             Began as a Draconian Conjurer on Oct 10, 2018.
             Engulfed by a cloud of freezing vapour (15 damage)
             ... on level 3 of the Dungeon.
             The game lasted 00:09:12 (2277 turns).

namelastname112 the Conjurer (Draconian Conjurer)   Turns: 2277, Time: 00:09:13

Health: -10/41     AC:  9    Str: 10    XL:     5   Next: 22%
Magic:  9/10       EV: 12    Int: 16    God:
Gold:   69         SH:  0    Dex: 12    Spells: 7/10 levels left

rFire    . . .     SeeInvis .   p - +2 whip (venom)
rCold    . . .     Gourm    .   (no shield)
rNeg     . . .     Faith    .   (armour unavailable)
rPois    .         Spirit   .   (helmet restricted)
rElec    .         Reflect  .   i - +2 cloak
rCorr    .         Harm     .   (no gloves)
MR       .....                  h - +0 pair of boots
Stlth    ++........             g - amulet of inaccuracy (curse)
HPRegen  0.13/turn              (no ring)
MPRegen  0.12/turn              (no ring)

@: no status effects
A: unfitting armour, cold-blooded, AC +5
a: no special abilities


You were on level 3 of the Dungeon.
You were not hungry.

You visited 1 branch of the dungeon, and saw 3 of its levels.

You collected 69 gold pieces.

Inventory:

Hand Weapons
 p - a +2 whip of venom (weapon)
Armour
 h - a +0 pair of boots (worn)
 i - a +2 cloak (worn)
Jewellery
 g - a cursed amulet of inaccuracy (around neck)
Scrolls
 a - 2 scrolls of identify {unknown}
 n - 2 scrolls of remove curse {unknown}
 q - a scroll of noise {unknown}
Potions
 c - a potion of flight {unknown}
 d - a potion of heal wounds {unknown}
 e - a potion of haste {unknown}
 f - 3 potions of agility {unknown}
 j - a potion of degeneration {unknown}
 k - a potion of resistance {unknown}
 l - a potion of curing {unknown}
 m - a potion of berserk rage {unknown}
Comestibles
 b - 7 rations


   Skills:
 + Level 2.1 Fighting
 + Level 2.4 Dodging
 - Level 1.7 Stealth
 * Level 3.3 Spellcasting
 * Level 4.9 Conjurations


You had 7 spell levels left.
You knew the following spells:

 Your Spells              Type           Power        Failure   Level  Hunger
x - Searing Ray           Conj           ###...       3%          2    ##.....
z - Magic Dart            Conj           ###.         2%          1    None

Your spell library contained the following spells:

 Spells                   Type           Power        Failure   Level  Hunger
 Dazzling Spray           Conj/Hex       ##....       21%         3    ###....
 Iskenderun's Mystic Bla  Conj           ###.....     24%         4    ####...
 Force Lance              Conj/Tloc      ##......     54%         4    ####...
 Fulminant Prism          Conj/Hex       ##........   54%         4    ####...


Dungeon Overview and Level Annotations

Branches:
Dungeon (3/15)

Altars:
Fedhas
Wu Jian

Annotations:
D:3 1 runed door


Innate Abilities, Weirdness & Mutations

Your plain brown scales are hard. (AC +5)
You cannot fit into any form of body armour.
You are cold-blooded and may be slowed by cold attacks.


Message History

Confirm with . or Enter, or press ? or * to list all spells.
You can't see any susceptible monsters within range! (Use Z to cast anyway.) Unknown command.
Unknown command.
f - 3 fizzy ruby potions (gained 1) Key pressed, stopping explore.
Fedhas invokes the elements against you.
Freezing gases pour from your hands!
You regained 2 mp, and now have 9/10 mp.
You're standing in a cloud of freezing vapour!
You're standing in a cloud of freezing vapour!
You're standing in a cloud of freezing vapour!
You are engulfed in freezing vapours.
You take 14 damage, and have 27/41 hp.
MASSIVE DAMAGE!!
You are engulfed in freezing vapours.
Ouch! That really hurt!
* * * LOW HITPOINT WARNING * * *
You take 22 damage, and have 5/41 hp.
MASSIVE DAMAGE!!
You are engulfed in freezing vapours.
You die...

.##.##.......>.######...#
[.#.##.........# ##...##
..#.##.###.....# #.....#
.......# .....# #.....#
..#.##.# ###### #.....#
..#.##.# #....## ..#.##.#
#.#### .......#
#########.# #......#
#§§§§@..#.# ......##
#§#####.#.#
###.#.######§#####.#.#
...........§§........#
##.##.######.#####.###
<.....# #.#####.# ##.####
#.......# #...# #########
##...###


There were no monsters in sight!

Vanquished Creatures
  A bullfrog zombie (D:3)
  6 gnolls (D:3)
  2 adders (D:2)
  A worm (D:3)
  2 dart slugs (D:1)
  2 leopard geckos
  4 giant cockroaches
  3 goblins
  8 hobgoblins
  4 jackals (D:2)
  6 bats
  A frilled lizard (D:1)
  4 kobolds
  10 rats
54 creatures vanquished.

Notes
Turn   | Place    | Note
-------+----------+-------------------------------------------
     0 | D:1      | namelastname112 the Draconian Conjurer began the quest for
                  | the Orb.
     0 | D:1      | Reached XP level 1. HP: 14/14 MP: 3/3
   198 | D:1      | Reached XP level 2. HP: 16/22 MP: 1/5
   209 | D:1      | Learned a level 2 spell: Searing Ray
   617 | D:1      | Reached skill level 1 in Fighting
   788 | D:1      | Reached XP level 3. HP: 19/28 MP: 1/6
  1024 | D:2      | Malog: ты тут не ебанулся ещё нахуй
  1025 | D:2      | namelastname112: я давно ебанулся уже
  1025 | D:2      | namelastname112: хули
  1097 | D:2      | Malog: жиза
  1112 | D:2      | Malog: это чё было нахуй
  1115 | D:2      | namelastname112: да я реснул страницу
  1423 | D:2      | Found an ornate altar of the Wu Jian Council.
  1625 | D:3      | Malog: searing ray
  1633 | D:3      | Malog: очень мощная хуйня
  1667 | D:3      | Reached XP level 4. HP: 29/35 MP: 1/8
  1677 | D:3      | namelastname112: сука
  1677 | D:3      | namelastname112: че за пинг ебнутый
  1837 | D:3      | Malog: понг
  1854 | D:3      | namelastname112: пизда задержки
  1887 | D:3      | Malog: роутер перегрузи
  1927 | D:3      | Reached XP level 5. HP: 30/41 MP: 0/9
  2125 | D:3      | Found a runed door.
  2199 | D:3      | Found a faded altar of an unknown god.
  2217 | D:3      | Became a worshipper of Fedhas Madash
  2217 | D:3      | Reached * piety under Fedhas
  2218 | D:3      | Fell from the grace of Fedhas
  2257 | D:3      | Malog: не понел
  2277 | D:3      | Malog: понел
  2277 | D:3      | namelastname112: нихуя себе блять
  2277 | D:3      | namelastname112: ??fedhas wrath
  2277 | D:3      | beem: fedhas wrath[1/3]: ABANDONMENT: 30 penance.
                  | RETRIBUTION: Summons oklobs and wandering mushrooms in a
                  | circle around you. If there are corpses nearby, can turn
                  | them into spores. Also, fire/ice/air/earth miscasts.
  2277 | D:3      | namelastname112: пиздато
  2277 | D:3      | Engulfed by a cloud of freezing vapour

Vault maps used:
D:1:      scummos_arrival_gate, minmay_fountain_box
D:2:      old_standard_altar
D:3:      lemuel_coloured_pillars_altar, chequers_ecumenical_altar_simple_redux,
          uniq_grinder, uniq_crazy_yiuf_cottage

Skill      XL: |  1  2  3  4 |
---------------+-------------+-----
Fighting       | 1 2 |  2.1
Dodging        | 2 |  2.4
Spellcasting   | 3 |  3.3
Stealth        | |  1.7
Conjurations   | |  4.9

Action                   |  1- 3 |  4- 6 || total
-------------------------+-------+-------++-------
Melee: Whip              |    12 |     7 ||    19
       Short sword       |    57 |    10 ||    67
       Tailslap          |     3 |     2 ||     5
 Cast: Magic Dart        |    70 |    21 ||    91
       Searing Ray       |     1 |     3 ||     4
Invok: Renounce Religion |       |     1 ||     1
 Stab: Sleeping          |     2 |       ||     2
  Eat: Chunk             |     3 |     2 ||     5
Armor: Skin              |    27 |    10 ||    37
Dodge: Dodged            |    61 |    12 ||    73

Table legend:
 A = Non-vault XP
 B = Vault XP
 C = Vault XP percentage of total XP
 D = Non-vault monster count
 E = Vault monster count
 F = Vault count percentage of total count
                 A         B        C        D         E       F
            +---------+---------+-------+---------+---------+-------
      Total |     238 |       0 |   0.0 |      54 |       0 |   0.0
            +---------+---------+-------+---------+---------+-------
        D:1 |      41 |       0 |   0.0 |      24 |       0 |   0.0
        D:2 |      50 |       0 |   0.0 |      15 |       0 |   0.0
        D:3 |     147 |       0 |   0.0 |      15 |       0 |   0.0
            +---------+---------+-------+---------+---------+-------
